 Dungeon Crawl Stone Soup version 0.31-a0-233-g139696dc86 (webtiles) character file.

Game seed: 3899073978854630282

95 qw the Shooter (level 4, -3/26 HPs)
             Began as a Gargoyle Hexslinger on July 8, 2023.
             Killed from afar by Natasha (8 damage)
             ... with a magic dart
             ... on level 2 of the Dungeon.
             The game lasted 00:00:36 (1702 turns).

qw the Shooter (Gargoyle Hexslinger)                Turns: 1702, Time: 00:00:37

Health: -3/26      AC:  6    Str: 12    XL:     4   Next: 65%
Magic:  5/5        EV: 11    Int: 13    God:
Gold:   166        SH:  0    Dex: 14    Spells: 4/5 levels left

rFire   . . .        Y - +1 sling
rCold   . . .        (no shield)
rNeg    + . .        j - +0 leather armour
rPois   inf          (no helmet)
rElec   +            (no cloak)
rCorr   .            (no gloves)
SInv    .            (no boots)
Will    .....        (no amulet)
Stlth   +            (no ring)
HPRegen 0.24/turn    (no ring)
MPRegen 0.09/turn

%: no passive effects
@: slowed, very slow
A: sickness immunity, AC +3, negative energy resistance 1, electricity
resistance, torment resistance 1, petrification resistance
a: no special abilities


You were on level 2 of the Dungeon.
You visited 1 branch of the dungeon, and saw 2 of its levels.

You collected 166 gold pieces.


Innate Abilities, Weirdness & Mutations

You are immune to sickness and miasma.
Your stone body is resilient. (AC +3)
You are immune to poison.
You resist negative energy. (rN+)
You are resistant to electric shocks. (rElec)
You are resistant to unholy torment.
You are immune to petrification.


   Skills:
 - Level 2.0 Fighting
 + Level 4.4 Ranged Weapons
 - Level 1.5 Dodging
 - Level 1.0 Spellcasting
 - Level 2.6 Hexes


You had 4 spell levels left.
You knew the following spells:

 Your Spells              Type           Power      Damage    Failure   Level
a - Slow                  Hex            28%        N/A       12%         1

Your spell library contained the following spells:

 Spells                   Type           Power      Damage    Failure   Level
 Inner Flame              Hex/Fire       4%         N/A       52%         3
 Portal Projectile        Hex/Tloc       8%         N/A       52%         3
 Cause Fear               Hex            3%         N/A       75%         4

Inventory:

Hand Weapons
 Y - a +1 sling (weapon)
Armour
 j - a +0 leather armour (worn)
Scrolls
 a - 3 scrolls of identify
 c - a scroll of revelation {unknown}
 d - a scroll of blinking {unknown}
Potions
 b - a potion of ambrosia {unknown}
 e - a potion of heal wounds {unknown}
 f - a potion of curing {unknown}
 g - a potion of magic {unknown}
 h - a potion of lignification {unknown}
 i - 2 potions of enlightenment {unknown}

Dungeon Overview and Level Annotations

Branches:
Dungeon (2/15)

Altars:
Kikubaaqudgha

Annotations:
D:2 Natasha


Message History

Natasha, Servant of Life and Death comes into view.
Natasha hisses angrily.
Enter note:
Enter note:
Enter note:
Enter note:
Enter note:
Enter note: You shoot a sling bullet.
The sling bullet hits Natasha but does no damage.
You shoot a sling bullet. The sling bullet barely misses Natasha.
Natasha claws you but does no damage.
Natasha stares at you and mumbles some strange words.
The magic dart hits you.
You shoot a sling bullet. The sling bullet barely misses Natasha.
Natasha stares at you and mumbles some strange words.
You feel yourself slow down.
You shoot a sling bullet. The sling bullet misses Natasha.
Natasha claws you but does no damage. Natasha misses you.
You shoot a sling bullet.
The sling bullet completely misses Natasha.
Natasha claws you.
You shoot a sling bullet. The sling bullet hits Natasha.
Natasha is moderately wounded.
Natasha casts a spell.
Natasha claws you.
You shoot a sling bullet.
The sling bullet closely misses Natasha.
Natasha claws you.
The cerulean imp hits you but does no damage.
Natasha claws you!
You shoot a sling bullet.
The sling bullet hits Natasha but does no damage.
Natasha is moderately wounded.
The cerulean imp closely misses you.
Natasha stares at you and mumbles some strange words.
You resist with some effort. The cerulean imp barely misses you.
Natasha casts a spell at you. The magic dart hits you!
You die...

#.# ##.#.#.###.#.#.# ## #.#
#.#.#.#.....#.# #. #.#
#.#.#.#.#.###.# #.
#.####.#.#.#.....#.# #.
#.#..#.#.#.#.###.#.# #.
#.#..#.#.........#.# #.
#.#..#.###>#.#####.# #.
#.#.......h.5....#.# #.
#.#.##.###@#.###.#.# #.
#.#......#.#<# #.# #.
#.#.##.#.#.### #.# ###.
##.####.#.#.. #.# #...
#.......#.#########)#####.#.
########...........)......#.
#.>................#.
#.....#######......#.
#.###.......'....)...


You could see Natasha and a cerulean imp (summoned).

Vanquished Creatures
  Natasha (D:2)
  3 adders (D:2)
  A worm (D:2)
  A dart slug (D:1)
  3 ball pythons
  4 endoplasms
  2 giant cockroaches (D:1)
  4 goblins
  3 hobgoblins
  7 kobolds
  2 quokkas (D:2)
  3 bats
  A frilled lizard (D:1)
  2 rats
37 creatures vanquished.

Notes
Turn   | Place    | Note
-------+----------+-------------------------------------------
     0 | D:1      | qw the Gargoyle Hexslinger began the quest for the Orb.
     0 | D:1      | Reached XP level 1. HP: 12/12 MP: 2/2
     0 | D:1      | 0 ||| qw: Version: 0.3-a-46-gb1f654a
     0 | D:1      | 0 ||| qw: Game counter: 3452
     0 | D:1      | 0 ||| qw: Melee chars always use a shield: true
     0 | D:1      | 0 ||| qw: God list: Okawaru
     0 | D:1      | 0 ||| qw: Allow faded altars: false
     0 | D:1      | 0 ||| qw: Do Orc after clearing Dungeon:15 true
     0 | D:1      | 0 ||| qw: Do second Lair branch before Depths: true
     0 | D:1      | 0 ||| qw: Lair rune preference: random
     0 | D:1      | 0 ||| qw: Goals: Normal
     0 | D:1      | 0 ||| PLANNING D:1-11
   131 | D:1      | Reached XP level 2. HP: 16/16 MP: 3/3
   251 | D:1      | Reached skill level 3 in Ranged Weapons
   495 | D:1      | Found a faded altar of an unknown god.
   829 | D:1      | 829 ||| UPGRADING to +0 leather armour.
   839 | D:1      | 839 ||| DROPPING +0 robe.
   840 | D:1      | 840 ||| READING scroll labelled HOTTES TE DELI.
   841 | D:1      | 841 ||| DROPPING scroll of poison.
   912 | D:2      | Reached XP level 3. HP: 21/21 MP: 4/4
  1001 | D:2      | Found an ancient bone altar of Kikubaaqudgha.
  1376 | D:2      | Reached XP level 4. HP: 26/26 MP: 5/5
  1554 | D:2      | Reached skill level 4 in Ranged Weapons
  1588 | D:2      | Noticed Natasha
  1589 | D:2      | 1589 ||| Stepping ~*~*~tactically~*~*~ (outnumbered).
  1591 | D:2      | 1591 ||| Stepping ~*~*~tactically~*~*~ (outnumbered).
  1604 | D:2      | Killed Natasha
  1694 | D:2      | Noticed Natasha
  1701 | D:2      | HP: 4/26 [Natasha (7)]
  1702 | D:2      | Killed from afar by Natasha

Levels and vault maps discovered:
D:1:      nicolae_arrival_somewhat_less_tricky_arrival, layout_basic,
          chequers_ecumenical_altar_grove, minmay_small_reverse_x
D:2:      layout_basic, basic_altar, minmay_cupped, uniq_natasha

Skill      XL: |  1  2  3  4 |
---------------+-------------+-----
Ranged Weapons | 3 4 |  4.4
Fighting       | 2 |  2.0
Dodging        | |  1.5
Spellcasting   | |  1.0
Hexes          | |  2.6

Action                     |  1- 3 |  4- 6 || total
---------------------------+-------+-------++-------
   Fire: Sling             |   133 |    37 ||   170
    Use: Scroll            |     1 |       ||     1
 Armour: Robe              |    16 |       ||    16
         Leather armour    |    43 |    14 ||    57
  Dodge: Dodged            |    82 |     8 ||    90

Table legend:
 A = Non-vault XP
 B = Vault XP
 C = Vault XP percentage of total XP
 D = Non-vault monster count
 E = Vault monster count
 F = Vault count percentage of total count
                 A         B        C        D         E       F
            +---------+---------+-------+---------+---------+-------
      Total |      86 |      50 |  36.8 |      29 |       8 |  21.6
            +---------+---------+-------+---------+---------+-------
        D:1 |      23 |       8 |  25.8 |      13 |       4 |  23.5
        D:2 |      63 |      42 |  40.0 |      16 |       4 |  20.0
            +---------+---------+-------+---------+---------+-------
